 Dungeon Crawl Stone Soup version 0.28.0-1-gb440e238dd (webtiles) character file.

Game seed: 3449745165466512033

1039 issech the Cudgeller (level 8, 0/78 HPs)
             Began as a Troll Monk on Feb 25, 2022.
             Slain by a rat (3 damage)
             ... on level 6 of the Dungeon.
             The game lasted 00:16:49 (5122 turns).

issech the Cudgeller (Troll Monk)                   Turns: 5122, Time: 00:16:50

Health: 0/78       AC:  6    Str: 17 (20) XL:     8   Next: 4%
Magic:  7/7        EV: 10    Int:  4 (6)  God:
Gold:   187        SH:  7    Dex: 17 (20) Spells: 7/7 levels left

rFire   . . .      SeeInvis .   t - +2 flail (holy)
rCold   . . .      Faith    .   a - +0 kite shield
rNeg    . . .      Spirit   .   b - +0 robe
rPois   .          Reflect  .   (helmet restricted)
rElec   .          Harm     .   y - +1 cloak {rCorr}
rCorr   +          Rampage  .   (gloves unavailable)
Will    .....                   (boots unavailable)
Stlth   ++........              (no amulet)
HPRegen 1.03/turn               j - +6 ring of dexterity
MPRegen 0.10/turn               (no ring)

@: lethally poisoned (0 -> 0), mesmerised
A: large, unfitting armour, claws 3, regeneration 1, shaggy fur 1, tough skin 1
a: no special abilities


You were on level 6 of the Dungeon.
You visited 1 branch of the dungeon, and saw 6 of its levels.

You collected 187 gold pieces.

Inventory:

Hand Weapons
 t - a +2 flail of holy wrath (weapon)
 x - a +4 quarterstaff of chaos
 C - a +2 whip of draining
 E - a +2 trident of protection
 F - a +0 hunting sling
 G - a +0 giant spiked club
 M - a +2 vorpal mace
 N - the +4 long sword of Efilot {holy, Int+3}
   (You found it on level 5 of the Dungeon)

   It has been blessed by the Shining One to cause great damage to the undead
   and demons.
   Int:       It affects your intelligence (+3).
Missiles
 c - 128 stones
 d - 48 arrows
 h - 56 sling bullets
 o - 6 poisoned darts
 u - 29 bolts
 v - 14 large rocks (quivered)
 D - 9 boomerangs
Armour
 a - a +0 kite shield (worn)
 b - a +0 robe (worn)
 y - a +1 cloak of preservation (worn)
Jewellery
 j - a +6 ring of dexterity (left claw)
Wands
 A - a wand of iceblast (6)
 O - a wand of mindburst (15)
Scrolls
 g - a scroll of magic mapping {unknown}
 i - a scroll of immolation
 k - a scroll of amnesia
 p - a scroll of vulnerability {unknown}
 q - a scroll of identify {unknown}
 z - a scroll of torment {unknown}
 I - a scroll of fog {unknown}
 J - a scroll of enchant weapon {unknown}
 K - a scroll of brand weapon {unknown}
 L - a scroll of noise
Potions
 l - a potion of degeneration
 n - 3 potions of attraction {unknown}
 r - 2 potions of resistance {unknown}
 s - a potion of heal wounds {unknown}
 w - a potion of mutation {unknown}
 B - a potion of might {unknown}
 H - a potion of curing {unknown}


   Skills:
 + Level 4.0 Fighting
 + Level 6.6 Maces & Flails
 + Level 0.8 Throwing
 + Level 4.0 Dodging
 + Level 2.2 Stealth


You had 7 spell levels left.
You didn't know any spells.
Your spell library contained the following spells:

 Spells                   Type           Power      Damage    Failure   Level
 Sublimation of Blood     Necr           0%         N/A       93%         2
 Wereblood                Tmut           0%         N/A       93%         2
 Olgreb's Toxic Radiance  Pois           0%         N/A       100%        4
 Ozocubu's Refrigeration  Ice            0%         4d5       100%        7
 Summon Hydra             Summ           0%         N/A       100%        7
 Ignition                 Fire           0%         3d3       100%        8


Dungeon Overview and Level Annotations

Branches:
Dungeon (6/15)
 Temple: D:4-7

Altars:
Zin

Annotations:
D:6 Maggie


Innate Abilities, Weirdness & Mutations

You are too large for most types of armour.
You have claws for hands.
Your natural rate of healing is unusually fast.
You are covered in fur. (AC +1)
You have tough skin. (AC +1)


Message History

The troll bites you! The troll claws you. x2
You block the water moccasin's attack.
Maggie hits you from afar with a +0 glaive.
Your wyvern skeleton bites the troll.
You barely miss the water moccasin.
The water moccasin is moderately wounded.
You feel very sick.
Your hound bites Maggie.
The water moccasin bites you but does no damage.
Your wyvern skeleton bites the troll!
Your hound barely misses Maggie.
You block the troll's attack. x2; The troll claws you.
The necrophage hits your hound.
Your hound dies!
Your hound's corpse dissolves into shadows!
Maggie barely misses you.
You cannot move away from Maggie!
You cannot move away from Maggie!
Unknown command.
You hit the troll but do no damage.
The troll is moderately wounded.
You feel sick. The water moccasin barely misses you.
Your wyvern skeleton closely misses the troll.
The troll bites you!
* * * LOW HITPOINT WARNING * * *
You block the troll's attack. x2; You block the water moccasin's attack.
Maggie hits you from afar with a +0 glaive.
* * * LOW HITPOINT WARNING * * *
Your wyvern skeleton bites the troll.
Blink to where?
Press: ? - help, Dir - move target
As you read the scroll labelled DISKUMO MIHUE, it crumbles to dust.
It was a scroll of blinking.
You feel sick.
Your wyvern skeleton dissolves into shadows!
Maggie gives herself a magical halo, but it quickly sputters out.
You block Maggie's attack. The water moccasin closely misses you.
It was a potion of degeneration.
There was something very wrong with that liquid.
You feel weakened.
You feel dopey.
You feel clumsy.
You feel sick. The rat bites you.
You die...

...........
#.........
#..#..... . #
#..<....##.# #.
#..........#
#.#####..........#
#........rr.......
#.......T@@......#
#.#.#..rS.......#
#.....ยง.n....##..
#####.#.####.###
#.o...#.# .#
#.###..#.## .# #.#
#.###. .. ## #.#
##.#.## ## ..
#o#####.# .#


You could see Maggie (mesmerising), a troll, a water moccasin, a necrophage, 2
river rats and a rat.

Vanquished Creatures
  Eustachio (D:4)
  An orc warrior (D:5)
  A necrophage (D:4)
  The ghost of Sanktem7 the Skirmisher, an amateur MiFi (D:3)
  2 ogres (D:4)
  2 scorpions
  A water moccasin skeleton (D:3)
  2 hounds (D:5)
  Crazy Yiuf (D:3)
  An iguana (D:4)
  An orc wizard (D:5)
  A hound skeleton (D:4)
  2 adders
  A white imp (D:5)
  An ufetubus (D:5)
  4 worms
  2 dart slugs
  13 orcs
  7 endoplasms
  3 giant cockroaches
  5 goblins
  5 hobgoblins
  4 quokkas
  5 ball pythons
  5 bats
  2 frilled lizards (D:2)
  4 kobolds
  3 rats (D:3)
81 creatures vanquished.

Vanquished Creatures (collateral kills)
  A ball python (D:6)
1 creature vanquished.

Grand Total: 82 creatures vanquished

Notes
Turn   | Place    | Note
-------+----------+-------------------------------------------
     0 | D:1      | issech the Troll Monk began the quest for the Orb.
     0 | D:1      | Reached XP level 1. HP: 22/22 MP: 0/0
   291 | D:1      | Reached XP level 2. HP: 29/29 MP: 1/1
   778 | D:1      | Reached skill level 3 in Maces & Flails
  1105 | D:2      | Reached XP level 3. HP: 25/36 MP: 2/2
  1868 | D:3      | Found a runed translucent door.
  1869 | D:3      | Noticed Crazy Yiuf
  1932 | D:3      | Found a runed translucent gate.
  1933 | D:3      | Found a runed translucent gate.
  1933 | D:3      | Found a runed translucent gate.
  1934 | D:3      | Noticed Sanktem7's ghost (amateur MiFi)
  1956 | D:3      | Reached XP level 4. HP: 31/44 MP: 3/3
  2422 | D:3      | HP: 1/44 [Sanktem7's ghost (13)]
  2494 | D:3      | Killed Sanktem7's ghost
  2495 | D:3      | Reached skill level 4 in Maces & Flails
  2495 | D:3      | Reached XP level 5. HP: 44/53 MP: 4/4
  2584 | D:3      | Killed Crazy Yiuf
  2751 | D:4      | Noticed an ogre
  2764 | D:4      | Killed an ogre
  2765 | D:4      | Reached XP level 6. HP: 36/61 MP: 5/5
  2881 | D:4      | Noticed Eustachio
  2903 | D:4      | Killed Eustachio
  2904 | D:4      | Reached skill level 5 in Maces & Flails
  3018 | D:4      | Reached XP level 7. HP: 67/67 MP: 6/6
  3556 | D:4      | Reached skill level 6 in Maces & Flails
  3768 | D:5      | Entered Level 5 of the Dungeon
  4298 | D:5      | Found a glowing silver altar of Zin.
  4499 | D:5      | Reached XP level 8. HP: 62/78 MP: 7/7
  4713 | D:5      | Identified the +4 long sword of Efilot {holy, Int+3}
  5110 | D:6      | Noticed Maggie
  5111 | D:6      | Noticed a troll
  5120 | D:6      | HP: 3/78 [Maggie (4)]
  5122 | D:6      | Slain by a rat

Illustrated notes

Levels and vault maps discovered:
D:1:      lemuel_arrival_cross, layout_loops_corners
D:2:      layout_loops_ring, minmay_tetromino_t4
D:3:      layout_loops_cross, ebering_ghost_rock_garden, uniq_crazy_yiuf_cottage
D:4:      layout_gridville, uniq_eustachio
D:5:      layout_layer_cave, nicolae_overflow_crystal_walls,
          lemuel_flamethrower_2
D:6:      layout_loops_ring, minmay_temple_entry_from_below_b,
          portal_sewer_entry_a, uniq_maggie

Skill      XL: |  1  2  3  4  5  6  7 |
---------------+----------------------+-----
Maces & Flails | 3 4 5 6 |  6.6
Dodging        | 3 4 |  4.0
Fighting       | 3 4 |  4.0
Stealth        | 2 |  2.2
Throwing       | |  0.8

Action                   |  1- 3 |  4- 6 |  7- 9 || total
-------------------------+-------+-------+-------++-------
Melee: Mace              |    84 |       |       ||    84
       Flail             |    17 |    85 |   115 ||   217
       Punch             |       |       |     3 ||     3
Throw: Large rock        |       |     6 |     2 ||     8
  Use: Scroll            |       |       |     5 ||     5
       Potion            |       |       |     1 ||     1
 Stab: Sleeping          |     1 |     3 |     2 ||     6
Armor: Robe              |    35 |    35 |    37 ||   107
Dodge: Dodged            |    60 |    48 |    76 ||   184
Block: Kite shield       |       |       |    13 ||    13
